 Dungeon Crawl Stone Soup version 0.21.1-1-g345015f (webtiles) character file.

117 Lilu the Conjurer (level 4, 0/24 HPs)
             Began as a Deep Elf Conjurer on July 29, 2018.
             Slain by VersusAllOdds's ghost (9 damage)
             ... on level 3 of the Dungeon.
             The game lasted 00:05:44 (2496 turns).

Lilu the Conjurer (Deep Elf Conjurer)               Turns: 2496, Time: 00:05:45

Health: 0/24       AC:  4    Str:  6    XL:     4   Next: 71%
Magic:  11/19      EV: 13    Int: 20    God:
Gold:   73         SH:  0    Dex: 15    Spells: 2/9 levels left

rFire    . . .     SeeInvis .   n - +3 short sword
rCold    . . .     Gourm    .   (no shield)
rNeg     . . .     Faith    .   a - +0 robe
rPois    .         Spirit   .   (no helmet)
rElec    .         Reflect  .   (no cloak)
rCorr    .         Harm     .   (no gloves)
MR       .....                  (no boots)
Stlth    ++........             (no amulet)
HPRegen  0.08/turn              j - +2 ring of protection
MPRegen  0.16/turn              f - ring of magical power

@: no status effects
A: no striking features
a: no special abilities


You were on level 3 of the Dungeon.
You were not hungry.

You visited 1 branch of the dungeon, and saw 3 of its levels.

You collected 73 gold pieces.

Inventory:

Hand Weapons
 n - a +3 short sword (weapon)
Missiles
 p - 36 sling bullets
Armour
 a - a +0 robe (worn)
Jewellery
 f - a ring of magical power (right hand)
 j - a +2 ring of protection (left hand)
Scrolls
 g - a scroll of amnesia {unknown}
 h - 2 scrolls of enchant weapon {unknown}
 i - a scroll of teleportation {unknown}
 k - a scroll of identify {unknown}
 m - 2 scrolls of remove curse {unknown}
 q - a scroll of blinking {unknown}
Potions
 d - 2 potions of might {unknown}
 e - a potion of brilliance {unknown}
 l - a potion of mutation {unknown}
Books
 b - a book of Conjurations

   Spells                             Type                      Level
   a - Magic Dart                     Conjuration                  1
   b - Searing Ray                    Conjuration                  2
   c - Dazzling Spray                 Conjuration/Hexes            3
   d - Fulminant Prism                Conjuration/Hexes            4
   e - Force Lance                    Conjuration/Translocation    4
   f - Iskenderun's Mystic Blast      Conjuration                  4
Comestibles
 c - 3 rations
 o - 2 chunks of flesh


   Skills:
 - Level 2.4 Dodging
 - Level 2.4 Stealth
 - Level 3.0 Spellcasting
 + Level 6.7 Conjurations


You had 2 spell levels left.
You knew the following spells:

 Your Spells              Type           Power        Failure   Level  Hunger
a - Magic Dart            Conj           ####         1%          1    None
b - Searing Ray           Conj           ####..       1%          2    ##.....
c - Iskenderun's Mystic   Conj           ####....     9%          4    ####...


Dungeon Overview and Level Annotations

Branches:
Dungeon (3/15)

Altars:

Annotations:
D:3 VersusAllOdds's ghost, amateur DrBe


Message History

VersusAllOdds's ghost hits you.
The searing ray misses VersusAllOdds's ghost.
You finish channeling your searing ray.
VersusAllOdds's ghost hits you.
VersusAllOdds's ghost hits you but does no damage.
Casting: Searing Ray
Confirm with . or Enter, or press ? or * to list all spells.
Aiming: Searing Ray
Press: ? - help, Shift-Dir - straight line, f/p - VersusAllOdds's ghost
Aim: VersusAllOdds's ghost (moderately damaged)
The searing ray hits VersusAllOdds's ghost.
VersusAllOdds's ghost is moderately damaged. (Press . to maintain the ray.) VersusAllOdds's ghost closely misses you.
The searing ray hits VersusAllOdds's ghost.
VersusAllOdds's ghost is heavily damaged.
VersusAllOdds's ghost hits you!
The searing ray hits VersusAllOdds's ghost.
VersusAllOdds's ghost is severely damaged.
VersusAllOdds's ghost hits you!
You die...

#.......W.# #.#
#.# #+# #.# #.#
#.# #.# #.# ##.##
#.# ##...## #W#
#.....#
#@########...#####
#................#
################..
###


You could see VersusAllOdds's ghost.

Vanquished Creatures
  6 gnolls
  2 worms
  A dart slug (D:2)
  2 leopard geckos
  An orc (D:3)
  A ball python (D:1)
  3 giant cockroaches
  5 goblins
  4 hobgoblins
  7 jackals
  5 kobolds
  A quokka (D:3)
  2 bats
  2 frilled lizards
  6 rats
48 creatures vanquished.

Notes
Turn   | Place    | Note
-------+----------+-------------------------------------------
     0 | D:1      | Lilu the Deep Elf Conjurer began the quest for the Orb.
     0 | D:1      | Reached XP level 1. HP: 10/10 MP: 6/6
   239 | D:1      | Reached XP level 2. HP: 15/15 MP: 5/8
   279 | D:1      | Learned a level 2 spell: Searing Ray
   343 | D:1      | Reached skill level 5 in Conjurations
   995 | D:2      | Reached XP level 3. HP: 16/19 MP: 3/9
  1014 | D:2      | Reached skill level 6 in Conjurations
  1763 | D:3      | Reached XP level 4. HP: 24/24 MP: 10/10
  1791 | D:3      | Learned a level 4 spell: Iskenderun's Mystic Blast
  1959 | D:3      | Noticed VersusAllOdds's ghost (amateur DrBe)
  2496 | D:3      | Slain by VersusAllOdds's ghost

Skill      XL: |  1  2  3 |
---------------+----------+-----
Conjurations   | 5 6 |  6.7
Dodging        | |  2.4
Stealth        | |  2.4
Spellcasting   | |  3.0

Action                   |  1- 3 |  4- 6 || total
-------------------------+-------+-------++-------
Melee: Club              |    31 |       ||    31
       Short sword       |       |    13 ||    13
 Cast: Magic Dart        |    49 |    25 ||    74
       Searing Ray       |     3 |     4 ||     7
  Eat: Chunk             |     3 |     2 ||     5
Armor: Robe              |    11 |     5 ||    16
Dodge: Dodged            |    32 |    15 ||    47
